 Dungeon Crawl Stone Soup version 0.31-a0-145-g046c7d2549 (webtiles) character file.

Game seed: 15772101843873759102

669 Darkkill the Shooter (level 7, 0/61 HPs)
             Began as a Minotaur Hunter on June 6, 2023.
             Was an Initiate of Gozag.
             Slain by a hound (2 damage)
             ... on level 5 of the Dungeon.
             The game lasted 00:05:20 (3845 turns).

Darkkill the Shooter (Minotaur Hunter)              Turns: 3845, Time: 00:05:21

Health: 0/61       AC:  4    Str: 15    XL:     7   Next: 32%
Magic:  6/6        EV: 14    Int:  6    God:    Gozag
Gold:   220        SH:  0    Dex: 16    Spells: 6/6 levels left

rFire   + . .        a - +2 shortbow
rCold   + . .        (shield currently unavailable)
rNeg    . . .        c - +0 leather armour
rPois   +            (helmet restricted)
rElec   +            (no cloak)
rCorr   +            f - +0 pair of gloves
SInv    .            (no boots)
Will    .....        (no amulet)
Stlth   ++           (no ring)
HPRegen 0.30/turn    (no ring)
MPRegen 0.10/turn

%: no passive effects
@: resistant, gold aura
A: horns 2, retaliatory headbutt
a: Renounce Religion, Potion Petition, Call Merchant, Bribe Branch


You were on level 5 of the Dungeon.
You worshipped Gozag.
Gozag was aware of your devotion.
You visited 1 branch of the dungeon, and saw 5 of its levels.

You collected 283 gold pieces.
You paid 63 gold pieces to Gozag.

Inventory:

Hand Weapons
 a - a +2 shortbow (weapon)
 b - the +1 whip of Taety {venom, rF++ rCorr Str+2 Dex-2}
   (You found it on level 4 of the Dungeon)

   Str:       It affects your strength (+2).
   Dex:       It affects your dexterity (-2).
   rF:        It greatly protects you from fire.
   rCorr:     It protects you from acid and corrosion.
 q - a +0 scythe
Missiles
 d - 59 stones
 i - 4 poisoned darts
 j - a throwing net {=f !f}
 l - 6 atropa-tipped darts
 n - 5 boomerangs
Armour
 c - a +0 leather armour (worn)
 f - a +0 pair of gloves (worn)
Potions
 e - a potion of resistance
 g - a potion of cancellation
 h - a potion of attraction
 k - a potion of heal wounds {unknown}
 m - a potion of invisibility
 p - a potion of brilliance {unknown}
 r - a potion of might {unknown}


   Skills:
 + Level 5.3 Fighting
 + Level 6.2 Ranged Weapons
 + Level 4.8 Dodging
 + Level 3.5 Stealth


You had 6 spell levels left.
You didn't know any spells.
Your spell library contained the following spells:

 Spells                   Type           Power      Damage    Failure   Level
 Lesser Beckoning         Tloc           0%         N/A       67%         2
 Call Canine Familiar     Summ           0%         N/A       88%         3
 Gell's Gravitas          Tloc           0%         N/A       88%         3
 Portal Projectile        Hex/Tloc       0%         N/A       88%         3
 Teleport Other           Tloc           0%         N/A       88%         3
 Volatile Blastmotes      Fire/Tloc      0%         2d10      88%         3
 Fulminant Prism          Conj/Hex       0%         3d5       99%         4
 Iskenderun's Mystic Bla  Conj/Tloc      0%         2d3       99%         4
 Leda's Liquefaction      Hex/Erth       0%         N/A       99%         4
 Lee's Rapid Deconstruct  Erth           0%         3d4*      100%        5


Dungeon Overview and Level Annotations

Branches:
Dungeon (5/15)
 Temple: D:4-7

Altars:
Elyvilon
Gozag
Vehumet
Xom
Zin
The Shining One


Innate Abilities, Weirdness & Mutations

You have a pair of horns on your head.
You reflexively headbutt those who attack you in melee.


Message History

The arrow barely misses the gnoll sergeant.
The arrow misses the adder.
The adder hisses angrily.
A gnoll comes into view. It is wielding a +0 spear.
There are monsters nearby!
You shoot an arrow.
The arrow barely misses the gnoll sergeant.
The gnoll shouts!
A gnoll comes into view. It is wielding a +0 flail.
You shoot an arrow. The gnoll shouts!
The arrow hits the gnoll sergeant but does no damage.
You hear a bark!
The gnoll sergeant hits you from afar with a +2 heavy spear!
You shoot an arrow.
The arrow completely misses the gnoll sergeant.
You shoot an arrow. The arrow closely misses the adder.
The arrow hits the gnoll sergeant.
The gnoll sergeant is moderately wounded.
The adder bites you.
The gnoll sergeant hits you from afar with a +2 heavy spear!
The adder bites you.
You are poisoned.
The adder poisons you!
You shoot an arrow. The arrow hits the adder.
The adder is moderately wounded.
You feel sick. The adder barely misses you.
The gnoll sergeant barely misses you. The gnoll closely misses you. x2
Aiming: Fastroot
Press: ? - help, Q - select action, (/) - cycle Shift-Dir - straight line, p - adder The roots erupt in riotous growth!
Roots grab the gnoll.
Roots grab the adder.
Roots grab the gnoll.
Roots grab the gnoll sergeant.
The grasping roots constrict the adder!
You kill the adder!
The grasping roots constrict the gnoll sergeant.
The grasping roots constrict the gnoll. x2; You feel sick.
You hear a shout!
You hear an angry hiss.
You hear a shout! x2
The gnoll hits you from afar with a +0 halberd!
The gnoll hits you from afar with a +0 spear.
A hound comes into view.
Aiming: Fastroot
Press: ? - help, Q - select action, (/) - cycle Shift-Dir - straight line The roots erupt in riotous growth!
The gnoll is unaffected. x2
The gnoll sergeant is unaffected.
The grasping roots constrict the gnoll sergeant.
The grasping roots constrict the gnoll.
You kill the gnoll!
The grasping roots constrict the gnoll!
You feel sick.
You are no longer poisoned.
You hear a shout!
The roots release their grip on the gnoll sergeant.
The gnoll sergeant hits you from afar with a +2 heavy spear!!
* * * LOW HITPOINT WARNING * * *
The gnoll hits you from afar with a +0 halberd.
* * * LOW HITPOINT WARNING * * *
Aiming: Fastroot
Press: ? - help, Q - select action, (/) - cycle Shift-Dir - straight line The roots erupt in riotous growth!
The gnoll is unaffected.
Roots grab the gnoll.
Roots grab the gnoll sergeant.
The grasping roots constrict the gnoll sergeant.
The grasping roots constrict the gnoll.
The grasping roots constrict the gnoll!
You kill the gnoll!
The gnoll escapes!
The gnoll sergeant closely misses you.
The hound is distracted by your dazzling golden aura.
Aiming: Fastroot
Press: ? - help, Q - select action, (/) - cycle Shift-Dir - straight line The roots erupt in riotous growth!
Roots grab the gnoll.
The gnoll sergeant is unaffected.
The hound barks!
The now-empty wand crumbles to dust.
The grasping roots constrict the gnoll sergeant.
The grasping roots constrict the gnoll.
The roots release their grip on the gnoll sergeant.
The hound is no longer distracted by gold.
The gnoll closely misses you. You furiously retaliate!
You headbutt the gnoll!
You kill the gnoll!
You feel protected. The gnoll sergeant barely misses you.
A worm comes into view.
A scorpion comes into view.
Fire: a) +2 shortbow
Press: ? - help, Q - select action, (/) - cycle Shift-Dir - straight line, f - hound
Aim: a hound (58% to hit)
You shoot an arrow.
The arrow hits the hound but does no damage.
A scorpion comes into view.
The gnoll sergeant closely misses you.
Fire: a) +2 shortbow
Press: ? - help, Q - select action, (/) - cycle Shift-Dir - straight line, f/p - hound
Aim: a hound (58% to hit)
You shoot an arrow. The arrow hits the hound.
The hound is moderately wounded.
The hound bites you.
* * * LOW HITPOINT WARNING * * *
The scorpion is distracted by your dazzling golden aura.
The hound bites you.
You die...
Your body crumbles into a pile of gold.

##....? ...s..
......... ......
.......... ..sw.
#........##...# .
.>............#..
.........$.$.....
..........h......
.........@$g.....
#........##.##...
#.....)....#
.......#<...#
.......#........
...#.......##...
.. ##...###.# ..
. .... ... .
#.... #...


You could see a gnoll sergeant, a worm, 2 scorpions and a hound.

Vanquished Creatures
  Sigmund (D:2)
  An ogre (D:5)
  2 jellies (D:3)
  Natasha (thrice) (D:2)
  Ijyb (D:3)
  A sleepcap (D:4)
  An iguana (D:4)
  10 gnolls
  3 adders
  2 dart slugs (D:2)
  6 orcs (D:3)
  10 ball pythons
  9 endoplasms
  3 giant cockroaches
  9 goblins
  9 hobgoblins
  3 jackals (D:2)
  A quokka (D:2)
  2 bats
  3 frilled lizards
  9 kobolds
  6 rats
  A spectral goblin (D:2)
96 creatures vanquished.

Vanquished Creatures (others)
  A goblin (D:3)
1 creature vanquished.

Grand Total: 97 creatures vanquished

Notes
Turn   | Place    | Note
-------+----------+-------------------------------------------
     0 | D:1      | Darkkill the Minotaur Hunter began the quest for the Orb.
     0 | D:1      | Reached XP level 1. HP: 18/18 MP: 0/0
   166 | D:1      | Reached skill level 1 in Stealth
   210 | D:1      | Reached XP level 2. HP: 25/25 MP: 1/1
   884 | D:2      | Noticed Natasha
   893 | D:2      | Killed Natasha
   894 | D:2      | Reached XP level 3. HP: 15/31 MP: 2/2
  1017 | D:2      | Noticed Sigmund
  1074 | D:2      | HP: 2/31 [Sigmund/+0 scythe (11)]
  1077 | D:2      | Killed Sigmund
  1078 | D:2      | Reached skill level 5 in Ranged Weapons
  1078 | D:2      | Reached XP level 4. HP: 2/40 MP: 3/3
  1078 | D:2      | Reached XP level 5. HP: 3/46 MP: 4/4
  1396 | D:2      | Noticed Natasha
  1402 | D:2      | Killed Natasha
  1415 | D:2      | Noticed Natasha
  1419 | D:2      | Killed Natasha
  1420 | D:2      | Reached XP level 6. HP: 41/53 MP: 5/5
  1478 | D:2      | Found a faded altar of an unknown god.
  1491 | D:2      | Prayed at the altar of an unknown god.
  1491 | D:2      | Became a worshipper of Elyvilon the Healer
  1491 | D:2      | Reached * piety under Elyvilon
  1860 | D:3      | Found a shimmering altar of Xom.
  2121 | D:3      | Reached ** piety under Elyvilon
  2272 | D:3      | Noticed Ijyb
  2284 | D:3      | Killed Ijyb
  2286 | D:3      | HP: 9/53 [frozen (3)]
  3022 | D:4      | Reached *** piety under Elyvilon
  3039 | D:4      | HP: 11/55 [gnoll/+0 spear (2)]
  3236 | D:4      | Found a glowing golden altar of the Shining One.
  3236 | D:4      | Found a glowing silver altar of Zin.
  3242 | D:4      | Found an opulent altar of Gozag.
  3244 | D:4      | Found a radiant altar of Vehumet.
  3246 | D:4      | Found a faded altar of an unknown god.
  3315 | D:4      | Fell from the grace of Elyvilon
  3316 | D:4      | Became a worshipper of Gozag Ym Sagoz the Greedy
  3468 | D:4      | Reached skill level 5 in Fighting
  3468 | D:4      | Reached skill level 6 in Ranged Weapons
  3468 | D:4      | Reached XP level 7. HP: 61/61 MP: 6/6
  3476 | D:4      | Identified the +1 whip of Taety {venom, rF++ rCorr Str+2
                  | Dex-2}
  3820 | D:5      | Entered Level 5 of the Dungeon
  3840 | D:5      | HP: 8/61 [gnoll sergeant/+2 heavy spear (19)]
  3845 | D:5      | HP: 2/61 [hound (5)]
  3845 | D:5      | Slain by a hound

Illustrated notes

Levels and vault maps discovered:
D:1:      dpeg_arrival_castle, layout_basic
D:2:      layout_rooms, dreamdust_ecumenical_altar_drowned_temple,
          minmay_pentomino_t2, uniq_sigmund, uniq_natasha
D:3:      layout_basic, dk_xom_monty_hall, chequers_serial_rivers_small_b,
          minmay_close_crescents, uniq_ijyb
D:4:      nicolae_cairo_tiling_large, layout_gridville,
          chequers_temple_overflow_minitemple
D:5:      layout_cave_pools, minmay_temple_entry_junction, minmay_crystal_water,
          minmay_checkerbox

Skill      XL: |  1  2  3  4  5  6 |
---------------+-------------------+-----
Stealth        | 1 2 3 |  3.5
Fighting       | 3 4 5 |  5.3
Ranged Weapons | 5 6 |  6.2
Dodging        | 3 4 |  4.8

Action                     |  1- 3 |  4- 6 |  7- 9 || total
---------------------------+-------+-------+-------++-------
   Fire: Shortbow          |    72 |   188 |    30 ||   290
 Invoke: Renounce Religion |       |     1 |       ||     1
  Evoke: Wand              |       |     3 |     4 ||     7
    Use: Scroll            |     5 |     6 |       ||    11
         Potion            |       |       |     1 ||     1
 Armour: Leather armour    |     6 |    10 |     1 ||    17
  Dodge: Dodged            |    34 |    52 |    12 ||    98

Table legend: (Time is in decaauts)
 A = Elapsed time spent in this place.
 B = Non-inter-level travel time spent in this place.
 C = Inter-level travel time spent in this place.
 D = Time resting spent in this place.
 E = Time spent auto-exploring this place.
 F = Levels seen in this place.
 G = Mean time per level.
                   A        B        C        D        E       F      G
               +--------+--------+--------+--------+--------+-----+--------+
         Total |   3916 |   3730 |    186 |    138 |   3006 |   5 |  783.2 |
       Dungeon |   3916 |   3730 |    186 |    138 |   3006 |   5 |  783.2 |
               +--------+--------+--------+--------+--------+-----+--------+

Top non-repeatable levels by time:
     D:4: 1043 daAuts
     D:3: 1017 daAuts
     D:2: 938 daAuts
     D:1: 890 daAuts
     D:5: 26 daAuts

Levels and vault maps discovered:
D:1:      dpeg_arrival_castle, layout_basic
D:2:      layout_rooms, dreamdust_ecumenical_altar_drowned_temple,
          minmay_pentomino_t2, uniq_sigmund, uniq_natasha
D:3:      layout_basic, dk_xom_monty_hall, chequers_serial_rivers_small_b,
          minmay_close_crescents, uniq_ijyb
D:4:      nicolae_cairo_tiling_large, layout_gridville,
          chequers_temple_overflow_minitemple
D:5:      layout_cave_pools, minmay_temple_entry_junction, minmay_crystal_water,
          minmay_checkerbox

Table legend: (Time is in decaauts)
 A = Elapsed time spent in this place.
 B = Non-inter-level travel time spent in this place.
 C = Inter-level travel time spent in this place.
 D = Time resting spent in this place.
 E = Time spent auto-exploring this place.
 F = Levels seen in this place.
 G = Mean time per level.
                   A        B        C        D        E       F      G
               +--------+--------+--------+--------+--------+-----+--------+
         Total |   3916 |   3730 |    186 |    138 |   3006 |   5 |  783.2 |
       Dungeon |   3916 |   3730 |    186 |    138 |   3006 |   5 |  783.2 |
               +--------+--------+--------+--------+--------+-----+--------+

Top non-repeatable levels by time:
     D:4: 1043 daAuts
     D:3: 1017 daAuts
     D:2: 938 daAuts
     D:1: 890 daAuts
     D:5: 26 daAuts

Table legend:
 A = Kills in this place as a percentage of kills in the entire game.
 B = Kills by you in this place as a percentage of kills by you in the entire game.
 C = Kills by friends in this place as a percentage of kills by friends in the entire game.
 D = Other kills in this place as a percentage of other kills in the entire game.
 E = Experience gained in this place as a percentage of experience gained in the entire game.
 F = Experience gained in this place divided by the number of levels of this place that you have seen.
                   A       B       C       D       E      F
               +-------+-------+-------+-------+-------+----------------------
         Total | 100.0 | 100.0 |   N/A |   N/A | 100.0 | 191.4
       Dungeon | 100.0 | 100.0 |   N/A |   N/A | 100.0 | 191.4
               +-------+-------+-------+-------+-------+----------------------
